 Dungeon Crawl Stone Soup version 0.29-a0-284-gf9362112df (webtiles) character file.

Game seed: 10440581849555593227

191 siradein the Bolt Thrower (level 5, -7/46 HPs)
             Began as a Draconian Hunter on Mar 17, 2022.
             Killed by an exploding ice beast (38 damage)
             ... ignited by their inner flame
             ... on level 3 of the Dungeon.
             The game lasted 00:06:57 (2469 turns).

siradein the Bolt Thrower (Draconian Hunter)        Turns: 2469, Time: 00:06:58

Health: -7/46      AC:  5    Str: 13    XL:     5   Next: 41%
Magic:  5/5        EV: 11    Int: 10    God:
Gold:   165        SH:  7    Dex: 16    Spells: 4/4 levels left

rFire   . . .      SeeInvis .   a - +1 hand crossbow
rCold   . . .      Faith    .   n - +0 kite shield
rNeg    . . .      Spirit   .   (body armour unavailable)
rPois   .          Reflect  .   (helmet restricted)
rElec   .          Harm     .   (no cloak)
rCorr   .          Rampage  .   (no gloves)
Will    .....                   (no boots)
Stlth   ++........              (no amulet)
HPRegen 0.15/turn               (no ring)
MPRegen 0.09/turn               (no ring)

@: no status effects
A: AC +5, unfitting armour, cold-blooded
a: no special abilities


You were on level 3 of the Dungeon.
You visited 1 branch of the dungeon, and saw 3 of its levels.

You collected 165 gold pieces.

Inventory:

Hand Weapons
 a - a +1 hand crossbow (weapon)
 j - a +2 dagger of venom
Armour
 n - a +0 kite shield (worn)
Scrolls
 b - 2 scrolls of immolation
 e - a scroll of identify {unknown}
 f - 2 scrolls of vulnerability {unknown}
 h - a scroll of amnesia {unknown}
 m - a scroll of magic mapping {unknown}
 o - a scroll of teleportation {unknown}
Potions
 c - a potion of haste {unknown}
 d - a potion of berserk rage {unknown}
 g - 4 potions of curing {unknown}
 i - a potion of magic {unknown}
 k - 2 potions of degeneration {unknown}
 l - a potion of attraction {unknown}
 p - a potion of might {unknown}


   Skills:
 + Level 4.0 Fighting
 + Level 4.6 Crossbows
 + Level 3.2 Dodging
 - Level 0.8 Stealth


You had 4 spell levels left.
You didn't know any spells.
Your spell library contained the following spells:

 Spells                   Type           Power      Damage    Failure   Level
 Gell's Gravitas          Tloc           0%         N/A       99%         3
 Lesser Beckoning         Tloc           0%         N/A       99%         3
 Teleport Other           Tloc           0%         N/A       99%         3
 Malign Gateway           Summ/Tloc      0%         N/A       100%        7
 Summon Horrible Things   Summ           0%         N/A       100%        8


Dungeon Overview and Level Annotations

Branches:
Dungeon (3/15)

Altars:


Innate Abilities, Weirdness & Mutations

Your plain brown scales are hard. (AC +5)
You cannot fit into any form of body armour.
You are cold-blooded and may be slowed by cold attacks.


Message History

You shoot a bolt. The bolt hits the ball python!
You kill the ball python!
No target in view!
No target in view!
No target in view!
There is an escape hatch in the floor, spattered with blood here.
You open the door.
There is an open door here.
An ice beast is nearby!
An ice beast is nearby!
An ice beast is nearby!
An ice beast is nearby!
You shoot a bolt.
The bolt hits the ice beast but does no damage.
Really read the scroll of immolation?
As you read the scroll of immolation, it crumbles to dust.
The creatures around you are filled with an inner flame!
You shoot a bolt. The bolt barely misses the ice beast.
You shoot a bolt.
The bolt hits the ice beast but does no damage.
The ice beast barely misses you. The ice beast attacks as you move away!
The ice beast misses you. The ice beast attacks as you move away!
You block the ice beast's attack. The ice beast attacks as you move away!
The ice beast hits you. The ice beast freezes you!
You feel yourself slow down.
You feel yourself speed up. The ice beast attacks as you move away!
The ice beast hits you. The ice beast freezes you.
You feel yourself slow down.
Shoot: a) +1 hand crossbow
Press: ? - help, Q - select action Shift-Dir - straight line, f/p - ice beast
Aim: an ice beast (inner flame, 66% to hit)
You shoot a bolt. The bolt hits the ice beast!
Flame seeps out of the ice beast.
The ice beast is moderately wounded.
You feel yourself speed up.
The ice beast is engulfed in blazing flames.
The ice beast explodes!
The fiery explosion engulfs you!!!
Ouch! That really hurt!
You die...

...##....#.###.#######..# #.....
##.##....#.# #..........# #.....
#.##....#.###.#######.## #.....
#.......#.............# #.....
#.......#####.##....########.###
##.......#####............# #..
.........##..........####.#
.........##.....§§§..####.#
................@○§.......#
.........####.######....#####.#
##.......# #.######..........#
#.#####.# #.#.......#########
#.##....# #.#.......#
#.#.....####.#.......########
#.#..........................
#.#.....####.#.......########
#.#.....# ##...####.##


There were no monsters in sight!

Vanquished Creatures
  2 ice beasts (D:3)
  A gnoll (D:1)
  3 adders
  A worm (D:2)
  2 dart slugs
  7 ball pythons
  5 endoplasms
  8 giant cockroaches
  9 goblins
  3 hobgoblins (D:2)
  2 quokkas (D:2)
  2 bats
  4 frilled lizards
  3 kobolds
  2 rats (D:2)
54 creatures vanquished.

Notes
Turn   | Place    | Note
-------+----------+-------------------------------------------
     0 | D:1      | siradein the Draconian Hunter began the quest for the Orb.
     0 | D:1      | Reached XP level 1. HP: 17/17 MP: 1/1
   246 | D:1      | Reached XP level 2. HP: 25/25 MP: 2/2
   541 | D:1      | Reached XP level 3. HP: 23/30 MP: 3/3
  1315 | D:2      | Reached XP level 4. HP: 22/38 MP: 4/4
  1800 | D:3      | Noticed an ice beast
  1821 | D:3      | Killed an ice beast
  1822 | D:3      | Reached XP level 5. HP: 13/46 MP: 5/5
  2140 | D:3      | Noticed an ice beast
  2469 | D:3      | Killed an ice beast
  2469 | D:3      | Killed by an exploding ice beast... ignited by their inner
                  | flame

Illustrated notes

Levels and vault maps discovered:
D:1:      matt_arrival_spirals, layout_rooms, minmay_misc_feat_square,
          minmay_worlds_worst_comb
D:2:      layout_rooms
D:3:      layout_basic, minivault_11

Skill      XL: |  1  2  3  4  5 |
---------------+----------------+-----
Dodging        | 2 3 |  3.2
Crossbows      | 4 |  4.6
Fighting       | 3 4 |  4.0
Stealth        | |  0.8

Action                   |  1- 3 |  4- 6 || total
-------------------------+-------+-------++-------
 Fire: Hand crossbow     |   101 |    67 ||   168
  Use: Scroll            |       |     1 ||     1
Armor: Skin              |    22 |    14 ||    36
Dodge: Dodged            |    33 |    12 ||    45
Block: Kite shield       |       |    14 ||    14

Table legend: (Time is in decaauts)
 A = Elapsed time spent in this place.
 B = Non-inter-level travel time spent in this place.
 C = Inter-level travel time spent in this place.
 D = Time resting spent in this place.
 E = Time spent auto-exploring this place.
 F = Levels seen in this place.
 G = Mean time per level.
                   A        B        C        D        E       F      G
               +--------+--------+--------+--------+--------+-----+--------+
         Total |   2532 |   2444 |     88 |     99 |   1894 |   3 |  844.0 |
       Dungeon |   2532 |   2444 |     88 |     99 |   1894 |   3 |  844.0 |
               +--------+--------+--------+--------+--------+-----+--------+

Top non-repeatable levels by time:
     D:1: 1006 daAuts
     D:3: 816 daAuts
     D:2: 709 daAuts
